 Dungeon Crawl Stone Soup version 0.17.0-24-gcfadda4 (console) character file.

11 jw the Cutter (level 2, -4/21 HPs)
             Began as an Octopode Berserker on Nov 17, 2015.
             Was a Follower of Trog.
             Slain by an adder (5 damage)
             ... on level 2 of the Dungeon.
             The game lasted 00:02:17 (548 turns).

jw the Cutter (Octopode Berserker)                   Turns: 548, Time: 00:02:17

Health: -4/21      AC:  1    Str: 16    XL:     2   Next: 25%
Magic:  2/2        EV: 13    Int:  9    God:    Trog [*.....]
Gold:   63         SH:  0    Dex: 13    Spells: 0 memorised, 1 level left

rFire  . . .     SeeInvis .     a - +1 short sword
rCold  . . .     Clarity  .     (no shield)
rNeg   . . .     SustAt   .     (helmet restricted)
rPois  .         Gourm    .     j - amulet of faith
rElec  .         Spirit   .     k - +2 ring of dexterity
rCorr  .         Warding  .     (no ring)
rMut   .         Stasis   .     (no ring)
MR     .....                    (no ring)
Stlth  ++........               (no ring)
                                (no ring)
                                (no ring)
                                (no ring)

@: not resistant to hostile enchantments, unstealthy
A: almost no armour, amphibious, 8 rings, constrict 8, camouflage 1, gelatinous
body 1
a: Berserk, Burn Spellbooks, Renounce Religion


You were on level 2 of the Dungeon.
You worshipped Trog.
Trog was aware of your devotion.
You were not hungry.

You visited 1 branch of the dungeon, and saw 2 of its levels.

You collected 63 gold pieces.

Inventory:

Hand Weapons
 a - a +1 short sword (weapon)
Missiles
 m - a stone (quivered)
Jewellery
 j - an amulet of faith (around mantle)
 k - a +2 ring of dexterity (left tentacle)
Scrolls
 l - a scroll of identify
Comestibles
 b - a bread ration
 g - a slice of pizza


   Skills:
 + Level 3.0 Fighting
 * Level 3.2 Short Blades
 + Level 0.8 Throwing
 + Level 3.1 Dodging
 * Level 0.4 Stealth


You had one spell level left.
You didn't know any spells.

Dungeon Overview and Level Annotations

Branches:
Dungeon (2/15)

Altars:


Innate Abilities, Weirdness & Mutations

You cannot wear most types of armour.
You are amphibious.
You can wear up to eight rings at the same time.
You can use your tentacles to constrict eight enemies at once.
Your skin changes colour to match your surroundings (Stealth).
Your rubbery body absorbs attacks (AC +1).


Message History

Aim: a goblin You throw a stone.
The stone hits the goblin.
The goblin is heavily wounded.
ATTACKING (1,1)
You hit the goblin.
You kill the goblin!
Trog accepts your kill.
Your magical contamination has completely faded away.
KIIIITING; MOVING TO (0,-1)
An adder comes into view.
MOVING TO (-1,0) MOVING TO (0,1)
The worm bites you!
KIIIITING; MOVING TO (1,0) MOVING TO (0,1)
The worm misses you.
MOVING TO (-1,0) MOVING TO (0,1)
The worm bites you! The adder bites you.
You die...

..... #...#........
#.###. #.###..)....?#..
##.. # #......#)#####
.#.... ###..##...#
...#..###...............
#...#.#...##..###.....(.
..#.....###........###..
.....!.......####.## .
........xS..## #.#
.....#..w#.## #.#
..........(........
..##.#....((...... .
...#####..(..... ...
........$ .## ........#
##..(.... .......


You could see a worm and an adder.

Table legend:
 A = Turns spent in this place as a percentage of turns spent in the entire game.
 B = Non-inter-level travel turns spent in this place as a percentage of non-inter-level travel turns spent in the entire game.
 C = Inter-level travel turns spent in this place as a percentage of turns spent in this place.
 D = Turns resting spent in this place as a percentage of non-inter-level travel turns spent in this place.
 E = Turns spent auto-exploring this place as a percentage of non-inter-level travel turns spent in this place.
 F = Non-inter-level travel turns spent in this place divided by the number of levels of this place that you've seen.
                   A       B       C       D       E      F
               +-------+-------+-------+-------+-------+----------------------
         Total | 100.0 | 100.0 |   0.1 |   0.0 |   3.1 | 527.5
       Dungeon | 100.0 | 100.0 |   0.1 |   0.0 |   3.1 | 527.5
               +-------+-------+-------+-------+-------+----------------------

Table legend:
 A = Kills in this place as a percentage of kills in entire the game.
 B = Kills by you in this place as a percentage of kills by you in the entire game.
 C = Kills by friends in this place as a percentage of kills by friends in the entire game.
 D = Other kills in this place as a percentage of other kills in the entire game.
 E = Experience gained in this place as a percentage of experience gained in the entire game.
 F = Experience gained in this place divided by the number of levels of this place that you have seen.
                   A       B       C       D       E      F
               +-------+-------+-------+-------+-------+----------------------
         Total | 100.0 | 100.0 |  -nan |  -nan | 100.0 |   8.0
       Dungeon | 100.0 | 100.0 |  -nan |  -nan | 100.0 |   8.0
               +-------+-------+-------+-------+-------+----------------------

Vanquished Creatures
  A hobgoblin (D:2)
  A bat (D:1)
  5 goblins
  2 kobolds (D:1)
  3 rats (D:1)
12 creatures vanquished.

Notes
Turn   | Place    | Note
--------------------------------------------------------------
     0 | D:1      | jw the Octopode Berserker began the quest for the Orb.
     0 | D:1      | Reached XP level 1. HP: 16/16 MP: 1/1
   431 | D:1      | Reached XP level 2. HP: 21/21 MP: 2/2
   548 | D:2      | HP: 1/21 [worm (10)]
   548 | D:2      | Slain by an adder

Action                   || total
-------------------------++-------
Melee: Short sword       ||    16
Throw: Stone             ||    15
  Use: Scroll            ||     7
       Potion            ||     1
 Stab: Sleeping          ||     5

Vault maps used:
D:1:      zelgadis_glass_arrival_small
D:2:      nicolae_overflow_hidden_temple, grunt_decor_fettered
